 Dungeon Crawl Stone Soup version 0.21.0-3-g78d12a8bdd (console) character file.

9130 Kloppie the Basher (level 11, -7/99 HPs)
             Began as a Minotaur Fighter on Jan 10, 2018.
             Was an Initiate of Wu Jian.
             Mangled by a yak (9 damage)
             ... on level 1 of the Lair of Beasts.
             The game lasted 00:10:43 (7025 turns).

Kloppie the Basher (Minotaur Fighter)               Turns: 7025, Time: 00:10:44

Health: -7/99      AC: 14    Str: 28    XL:     11   Next: 19%
Magic:  10/10      EV:  9    Int:  7    God:    Wu Jian [......]
Gold:   323        SH: 12    Dex: 11    Spells: 10/10 levels left

rFire    . . .     SeeInvis .   b - +0 flail (holy)
rCold    . . .     Gourm    .   c - +0 shield
rNeg     . . .     Faith    .   t - +0 scale mail
rPois    +         Spirit   .   (helmet restricted)
rElec    .         Reflect  .   G - +0 cloak
rCorr    .         Harm     .   x - +0 pair of gloves
MR       .....                  l - +2 pair of boots
Stlth    ..........             A - amulet of rage
HPRegen  0.26/turn              B - +2 ring of intelligence
MPRegen  0.12/turn              q - ring of poison resistance

@: mighty
A: retaliatory headbutt, horns 2
a: Renounce Religion, Evoke Berserk Rage


You were on level 1 of the Lair of Beasts.
You worshipped Wu Jian.
Wu Jian was noncommittal.
You were not hungry.

You visited 3 branches of the dungeon, and saw 10 of its levels.
You also visited: Ossuary.

You collected 323 gold pieces.

Inventory:

Hand Weapons
 a - a +0 flail
 b - a +0 flail of holy wrath (weapon)
Armour
 c - a +0 shield (worn)
 l - a +2 pair of boots (worn)
 t - a +0 scale mail (worn)
 x - a +0 pair of gloves (worn)
 E - a +0 plate armour
 G - a +0 cloak (worn)
Jewellery
 q - a ring of poison resistance (right hand)
 A - an amulet of rage (around neck)
 B - a +2 ring of intelligence (left hand)
Wands
 z - a wand of flame (1)
 D - a wand of disintegration (9)
Scrolls
 e - 4 scrolls of identify
 g - 3 scrolls of teleportation {unknown}
 h - 4 scrolls of remove curse {unknown}
 j - 3 scrolls of fog {unknown}
 k - a scroll of enchant armour {unknown}
 m - a scroll of blinking {unknown}
 o - a scroll of magic mapping {unknown}
 y - a scroll of summoning {unknown}
 C - a scroll of random uselessness {unknown}
Potions
 d - a potion of might
 i - 3 potions of haste
 n - 4 potions of flight
 p - a potion of mutation
 s - 2 potions of cancellation
 v - a potion of resistance
 F - a potion of agility {unknown}
Books
 w - a book of Geomancy

   Spells                             Type                      Level
   a - Sandblast                      Earth                        1
   b - Passwall                       Transmutation/Earth          2
   c - Stone Arrow                    Conjuration/Earth            3
   d - Petrify                        Transmutation/Earth          4
   e - Lee's Rapid Deconstruction     Earth                        5
Comestibles
 f - 15 rations
 H - a chunk of flesh


   Skills:
 - Level 10.0 Fighting
 - Level 14.0 Maces & Flails
 + Level 9.2 Armour
 + Level 9.2 Shields


You had 10 spell levels left.
You didn't know any spells.

Dungeon Overview and Level Annotations

Branches:
Dungeon (8/15)             Temple (1/1) D:6            Lair (1/6) D:8

Altars:
Ashenzari
Cheibriados
Dithmenos
Fedhas
Gozag
Hepliaklqana
Kikubaaqudgha
Makhleb
Nemelex Xobeh
Qazlal
Ru
Sif Muna
Trog
Uskayaw
Vehumet
Wu Jian
Xom
Yredelemnul
Zin
The Shining One

Annotations:
D:4 Grinder


Innate Abilities, Weirdness & Mutations

You reflexively headbutt those who attack you in melee.
You have a pair of horns on your head.


Message History

You block the yak's attack. The yak barely misses you.
You feel better. The yak gores you!
* * * LOW HITPOINT WARNING * * *
The yak gores you but does no damage. The yak barely misses you.
You thump the yak!
The yak is heavily wounded.
You block the yak's attack.
Okay, then.
You sock the yak! Your headbutt misses the yak.
The yak is almost dead.
The yak gores you.
* * * LOW HITPOINT WARNING * * *
You block the yak's attack. x2
You sock the yak!
You kill the yak!
The Council accepts your kill. You block the yak's attack. The yak gores you.
* * * LOW HITPOINT WARNING * * *
It was a potion of magic.
Magic courses through your body. The yak gores you!
You die...

...#P.....# #
#.#......###P#
#.............
##......Y.Y.Y..
###.......Y.Y.Y..
........##.#####.
##.##..Y# ##
#.....YF##
.....YYY@#
#.....#Y##
#.......#
#.....#.###
.##..#..P.###P###
.........<.......
.................
..###+...........
.. ..#....####P.


You could see 6 yaks and a spiny frog.

Vanquished Creatures
  A hydra (D:8)
  2 two-headed ogres (D:8)
  3 death yaks (D:8)
  Joseph (D:8)
  Prince Ribbit (D:8)
  2 dream sheep (D:8)
  8 yaks
  Eustachio (D:4)
  A wyvern (D:8)
  The ghost of denis1488 the Chopper, an amateur MiFi (D:4)
  A porcupine (Lair:1)
  3 ice beasts
  A sky beast (D:8)
  2 phantoms
  2 orc warriors
  An ogre (D:6)
  A centaur (D:8)
  2 elf zombies (Ossuary)
  3 bullfrogs
  3 big kobolds (D:8)
  3 scorpions
  3 wights (D:8)
  A howler monkey (D:8)
  A crimson imp (D:7)
  5 centaur zombies (Ossuary)
  A bullfrog skeleton (D:6)
  A centaur skeleton (D:5)
  4 hounds
  4 orc priests
  A jelly (D:7)
  4 orc wizards
  A hell rat (D:8)
  6 worker ants
  2 big kobold zombies (Ossuary)
  2 mummies (Ossuary)
  4 gnolls (D:5)
  3 adders
  A shadow imp (D:5)
  An ooze (D:3)
  6 worms
  3 dart slugs
  2 leopard geckos
  32 orcs
  6 giant cockroaches
  3 goblins
  8 hobgoblins
  17 jackals
  A quokka (D:8)
  2 ball pythons
  4 bats
  4 frilled lizards
  3 goblin zombies
  5 hobgoblin zombies (Ossuary)
  3 kobolds
  7 kobold zombies (Ossuary)
  13 orc zombies (Ossuary)
  A quokka zombie (D:5)
  8 rats
  2 rat zombies
  A bush (D:6)
219 creatures vanquished.

Vanquished Creatures (others)
  A fungus (Lair:1)
1 creature vanquished.

Grand Total: 220 creatures vanquished

Notes
Turn   | Place    | Note
-------+----------+-------------------------------------------
     0 | D:1      | Kloppie the Minotaur Fighter began the quest for the Orb.
     0 | D:1      | Reached XP level 1. HP: 19/19 MP: 0/0
   189 | D:1      | Reached skill level 3 in Maces & Flails
   189 | D:1      | Reached XP level 2. HP: 26/27 MP: 1/1
   532 | D:2      | Reached XP level 3. HP: 22/34 MP: 2/2
  1208 | D:2      | Reached skill level 4 in Maces & Flails
  1239 | D:2      | Reached XP level 4. HP: 26/41 MP: 3/3
  1378 | D:3      | Reached skill level 5 in Fighting
  1484 | D:3      | Reached XP level 5. HP: 36/48 MP: 4/4
  1926 | D:4      | Noticed Eustachio
  1942 | D:4      | Killed Eustachio
  1942 | D:4      | Reached skill level 5 in Maces & Flails
  1942 | D:4      | Reached XP level 6. HP: 14/58 MP: 5/5
  2167 | D:4      | Reached skill level 6 in Maces & Flails
  2201 | D:4      | Noticed an ice beast
  2205 | D:4      | Found a sand-covered staircase.
  2217 | D:4      | Killed an ice beast
  2248 | D:4      | Noticed denis1488's ghost (amateur MiFi)
  2253 | Ossuary  | Entered an ossuary
  2495 | Ossuary  | Reached XP level 7. HP: 63/66 MP: 6/6
  2504 | Ossuary  | Reached skill level 7 in Maces & Flails
  2797 | D:4      | Killed denis1488's ghost
  2797 | D:4      | Reached skill level 8 in Maces & Flails
  3053 | D:4      | Noticed Grinder
  3065 | D:5      | Entered Level 5 of the Dungeon
  3086 | D:5      | Reached XP level 8. HP: 71/75 MP: 7/7
  3493 | D:5      | Reached skill level 9 in Maces & Flails
  3510 | D:5      | Found a deep blue altar of Sif Muna.
  3768 | D:6      | Found a staircase to the Ecumenical Temple.
  3787 | Temple   | Entered the Ecumenical Temple
  4284 | D:6      | Found a stormy altar of Qazlal.
  4624 | D:7      | Reached skill level 10 in Fighting
  4699 | D:7      | Reached skill level 10 in Maces & Flails
  4816 | D:7      | Found a bloodstained altar of Trog.
  4874 | D:7      | Found a sparkling altar of Nemelex Xobeh.
  4968 | D:7      | Found an ornate altar of the Wu Jian Council.
  5169 | D:7      | Found a burning altar of Makhleb.
  5170 | D:7      | Found a hide-covered altar of Uskayaw.
  5357 | D:8      | Noticed Prince Ribbit
  5361 | D:8      | Killed Prince Ribbit
  5361 | D:8      | Reached XP level 9. HP: 80/85 MP: 8/8
  5368 | D:8      | Noticed a death yak
  5368 | D:8      | Noticed a death yak
  5369 | D:8      | Noticed a two-headed ogre
  5370 | D:8      | Reached skill level 11 in Maces & Flails
  5372 | D:8      | Noticed a death yak
  5380 | D:8      | Killed a death yak
  5380 | D:8      | Reached skill level 12 in Maces & Flails
  5387 | D:8      | Killed a death yak
  5387 | D:8      | Reached skill level 13 in Maces & Flails
  5390 | D:8      | Killed a death yak
  5390 | D:8      | Reached skill level 14 in Maces & Flails
  5390 | D:8      | Reached XP level 10. HP: 54/93 MP: 9/9
  5395 | D:8      | Killed a two-headed ogre
  5619 | D:8      | Reached skill level 5 in Armour
  5619 | D:8      | Reached skill level 5 in Shields
  5636 | D:8      | Found an opulent altar of Gozag.
  5707 | D:8      | Noticed a two-headed ogre
  5717 | D:8      | Killed a two-headed ogre
  5739 | D:8      | Noticed Joseph
  5752 | D:8      | Killed Joseph
  5850 | D:8      | Found a snail-covered altar of Cheibriados.
  5981 | D:8      | Noticed a two-headed hydra
  5988 | D:8      | Killed a two-headed hydra
  6101 | D:8      | Found a staircase to the Lair.
  6150 | D:8      | Found a shimmering altar of Xom.
  6150 | D:8      | Found a shimmering altar of Xom.
  6154 | D:8      | Found a shimmering altar of Xom.
  6154 | D:8      | Found a shimmering altar of Xom.
  6154 | D:8      | Found a shimmering altar of Xom.
  6176 | D:8      | Reached XP level 11. HP: 48/99 MP: 10/10
  6209 | D:8      | HP: 2/99 [orc priest/divine providence (13)]
  6627 | D:8      | Found a shimmering altar of Xom.
  6631 | D:8      | Found a shimmering altar of Xom.
  6670 | D:7      | Found a hazy altar of Hepliaklqana.
  6675 | D:7      | Became a worshipper of the Wu Jian Council
  6687 | D:8      | Found a sparkling altar of Nemelex Xobeh.
  6949 | Lair:1   | Entered Level 1 of the Lair of Beasts
  7024 | Lair:1   | HP: 1/99 [yak (5)]
  7025 | Lair:1   | Mangled by a yak

Skill      XL: |  1  2  3  4  5  6  7  8  9 10 11 |
---------------+----------------------------------+-----
Fighting       | 4 5 6 7 8 10 | 10.0
Maces & Flails | 3 4 5 6 8 10 14 | 14.0
Armour         | 8 9 |  9.2
Shields        | 8 9 |  9.2

Action                   |  1- 3 |  4- 6 |  7- 9 | 10-12 || total
-------------------------+-------+-------+-------+-------++-------
Melee: Flail             |    97 |   144 |   261 |   198 ||   700
       Headbutt          |     8 |    21 |    70 |    49 ||   148
Evoke: Wand              |       |       |       |     4 ||     4
  Use: Potion            |       |       |     5 |     4 ||     9
       Scroll            |       |       |     8 |       ||     8
  Eat: Chunk             |     1 |     3 |     7 |     6 ||    17
       Ration            |       |       |     1 |       ||     1
Armor: Scale mail        |    43 |    82 |   108 |    67 ||   300
Dodge: Dodged            |    43 |    86 |   105 |    68 ||   302
Block: Shield            |       |       |       |    32 ||    32
